 Dungeon Crawl Stone Soup version 0.18-a0-1426-g3b9a63c (webtiles) character file.

2645 Duffy the Grappler (level 9, -1/76 HPs)
             Began as a Naga Transmuter on Feb 27, 2016.
             Was a Priest of Cheibriados.
             Slain by a wight
             ... wielding a +1 war axe
              (10 damage)
             ... on level 7 of the Dungeon.
             The game lasted 00:14:44 (8026 turns).

Duffy the Grappler (Naga Transmuter)                Turns: 8026, Time: 00:14:44

Health: -1/76      AC:  2    Str: 22    XL:     9   Next: 62%
Magic:  3/12       EV: 25    Int: 21    God:    Cheibriados [***...]
Gold:   280        SH:  0    Dex: 24    Spells: 3 memorised, 6 levels left

rFire  . . .     SeeInvis +       - Unarmed
rCold  + . .     Gourm    .     (armour currently unavailable)
rNeg   . . .     Faith    .     (shield currently unavailable)
rPois  x         Spirit   .     (helmet currently unavailable)
rElec  .         Dismiss  .     (cloak currently unavailable)
rCorr  .         Reflect  .     (gloves currently unavailable)
SustAt +         Harm     .     (no barding)
MR     +....                    (no amulet)
Stlth  ++........               n - ring of protection from cold
                                x - ring of sustain attributes

@: spider-form (expiring), very slightly contaminated, drained, very slow,
somewhat resistant to hostile enchantments, unstealthy
A: see invisible, (cold resistance 0), (deformed body), (poison resistance),
(slowness 0), slow metabolism 1, spit poison 2, AC +3
a: Spit Poison, End Transformation, Bend Time, Temporal Distortion, Renounce
Religion


You were on level 7 of the Dungeon.
You worshipped Cheibriados.
Cheibriados was most pleased with you.
You were hungry.
You were a venomous arachnid creature.
You visited 2 branches of the dungeon, and saw 8 of its levels.

You collected 280 gold pieces.


Innate Abilities, Weirdness & Mutations

You cannot wear boots.
((Your serpentine skin is tough (AC +3).))
You have supernaturally acute eyesight.
((Armour fits poorly on your strangely shaped body.))
((Your system is resistant to poisons.))
((You cover ground very slowly.))
You have a slow metabolism.
You can spit poison.
((Your flesh is cold resistant.))


   Skills:
 + Level 3.2(2.7) Fighting
 - Level 5.0(4.5) Dodging
 + Level 10.9(10.3) Unarmed Combat
 - Level 2.0(1.5) Spellcasting
 - Level 2.8(2.4) Transmutations
 - Level 2.2(1.7) Poison Magic


You had 6 spell levels left.
You knew the following spells:

 Your Spells              Type           Power        Failure   Level  Hunger
a - Beastly Appendage     Trmt           ##....       21%         1    #......
l - Spider Form           Trmt/Pois      ##........   45%         3    ###....
s - Sticks to Snakes      Trmt           ##......     28%         2    ###....

Inventory:

Hand Weapons
 s - a +0 dagger of protection
Missiles
 a - 53 arrows
 f - 19 poisoned needles
 u - 5 poisoned tomahawks (quivered)
Armour
 g - a cursed +0 helmet (melded)
 h - a +0 cloak (melded)
 l - a +0 pair of gloves (melded)
 o - a +1 scale mail of cold resistance
 A - a +3 leather armour of poison resistance (melded)
Magical Staves
 e - an uncursed staff of death {unknown}
Jewellery
 n - a ring of protection from cold (right front leg)
 x - a ring of sustain attributes (left front leg)
 z - an uncursed ring of fire
Wands
 p - a wand of lightning (7/15)
 t - a wand of digging (12/24)
 w - a wand of confusion (22/48)
Scrolls
 k - 2 scrolls of fog {unknown}
 m - 2 scrolls of recharging {unknown}
 q - a scroll of enchant armour {unknown}
 r - 7 scrolls of remove curse
 v - a scroll of teleportation {unknown}
 y - a scroll of enchant weapon
 B - a scroll of amnesia {unknown}
Potions
 j - 4 potions of curing
 C - 2 potions of lignification
 D - a potion of degeneration {unknown}
Books
 c - a book of Changes
Comestibles
 b - 5 fruits
 d - 3 bread rations
 i - 10 chunks of flesh
 E - a royal jelly

Dungeon Overview and Level Annotations

Branches:
Dungeon (7/15)             Temple (1/1) D:5

Altars:
Cheibriados
Kikubaaqudgha
Makhleb
Pakellas
Qazlal
Sif Muna
Trog
Vehumet
Xom
Zin
The Shining One

Annotations:
D:4 exclusion: centaur


Message History

Things that are here:
a flail; a robe You hit the wight but do no damage.
The wight completely misses you.
You bite the wight!
The wight is severely damaged.
The wight misses you. The wight barely misses you.
You hit the wight but do no damage.
The wight is severely damaged.
Your transformation is almost over.
The wight barely misses you.
You hit the wight.
The wight is almost destroyed.
The wight closely misses you.
You hit the wight but do no damage.
The wight is almost destroyed.
The wight misses you. x2
You bite the wight!
You destroy the wight!
Cheibriados thoroughly appreciates the change of pace.
You bite the wight!
The wight is heavily damaged.
The wight completely misses you.
You hit the wight.
The wight is almost destroyed.
The wight barely misses you.
You barely miss the wight.
The wight is almost destroyed.
You hit the wight but do no damage.
The wight is almost destroyed.
The wight hits you with an enchanted war axe.
You feel drained.
You barely miss the wight.
The wight is almost destroyed.
The wight hits you with an enchanted war axe!
You die...

.#.## #........ ... #........
#.# #........ #)# #........
#)# #........ ######## #)#
#........ #......# #.#
#........ #......# #.#
#........ ####......####s#
##'###### ..........'..z)#
##.####
.....(...>#############.....#
..........# ........'.....#
####......####.########.....#
####.##.....# #.....#
#.##.#...# #.....#
#.##.#...########.....#
#........+......'.....#


You could see a wight.

Action                   |  1- 3 |  4- 6 |  7- 9 || total
-------------------------+-------+-------+-------++-------
Melee: Unarmed           |    20 |    34 |   201 ||   255
       Short sword       |    81 |   144 |    58 ||   283
 Cast: Spider Form       |       |     4 |    23 ||    27
 Abil: Spit Poison       |    14 |     7 |       ||    21
  Use: Scroll            |       |     5 |     3 ||     8
       Potion            |       |     1 |       ||     1
 Stab: Sleeping          |     1 |       |       ||     1
  Eat: Chunk             |     2 |     7 |     9 ||    18
       Pizza             |       |       |     2 ||     2

Notes
Turn   | Place    | Note
--------------------------------------------------------------
     0 | D:1      | Duffy the Naga Transmuter began the quest for the Orb.
     0 | D:1      | Reached XP level 1. HP: 18/18 MP: 3/3
   320 | D:1      | Reached XP level 2. HP: 23/25 MP: 5/5
   371 | D:1      | Learned a level 2 spell: Sticks to Snakes
   601 | D:1      | Reached skill level 4 in Unarmed Combat
   792 | D:1      | Reached XP level 3. HP: 31/31 MP: 6/6
   797 | D:1      | Learned a level 3 spell: Spider Form
  1023 | D:1      | Reached skill level 1 in Poison Magic
  1574 | D:2      | Found a glowing golden altar of the Shining One.
  1642 | D:2      | Reached skill level 2 in Poison Magic
  1642 | D:2      | Reached XP level 4. HP: 34/38 MP: 7/7
  2513 | D:3      | Reached XP level 5. HP: 38/44 MP: 8/8
  2575 | D:3      | Found a stormy altar of Qazlal.
  2678 | D:3      | Found a burning altar of Makhleb.
  3087 | D:4      | Reached skill level 5 in Unarmed Combat
  3333 | D:4      | Noticed a centaur
  3367 | D:4      | Found an oddly glowing altar of Pakellas.
  3368 | D:4      | Noticed a fire dragon
  3376 | D:4      | Killed a fire dragon
  3422 | D:4      | Found a glowing silver altar of Zin.
  3714 | D:4      | Found an ancient bone altar of Kikubaaqudgha.
  3771 | D:4      | Gained mutation: Your flesh is cold resistant. [potion of beneficial mutation]
  3896 | D:5      | Entered Level 5 of the Dungeon
  3914 | D:5      | Reached XP level 6. HP: 51/51 MP: 6/9
  3989 | D:5      | Reached skill level 6 in Unarmed Combat
  4134 | D:5      | Found a staircase to the Ecumenical Temple.
  4137 | D:5      | Noticed Menkaure
  4151 | D:5      | Killed Menkaure
  4151 | D:5      | Reached skill level 7 in Unarmed Combat
  4151 | D:5      | Reached XP level 7. HP: 4/57 MP: 7/10
  4158 | Temple   | Entered the Ecumenical Temple
  4433 | Temple   | Became a worshipper of Cheibriados the Contemplative
  4721 | D:5      | Noticed Dowan
  4743 | D:5      | Killed Dowan
  4743 | D:5      | Reached skill level 8 in Unarmed Combat
  5361 | D:5      | Reached XP level 8. HP: 50/64 MP: 11/11
  5529 | D:6      | Reached * piety under Cheibriados
  5529 | D:6      | Reached skill level 9 in Unarmed Combat
  5646 | D:6      | Found a deep blue altar of Sif Muna.
  5989 | D:6      | Reached skill level 2 in Dodging
  6409 | D:6      | Reached ** piety under Cheibriados
  6409 | D:6      | Reached skill level 3 in Dodging
  6555 | D:6      | Reached skill level 10 in Unarmed Combat
  7009 | D:6      | Noticed Sigmund
  7022 | D:6      | Killed Sigmund
  7022 | D:6      | Reached skill level 4 in Dodging
  7022 | D:6      | Reached XP level 9. HP: 70/70 MP: 9/12
  7504 | D:7      | Reached skill level 5 in Dodging
  7538 | D:7      | Found a shimmering altar of Xom.
  7538 | D:7      | Found a shimmering altar of Xom.
  7796 | D:7      | Reached skill level 2 in Fighting
  7871 | D:7      | Reached *** piety under Cheibriados
  8011 | D:7      | Reached skill level 3 in Fighting
  8026 | D:7      | Slain by a wight

Vault maps used:
D:1:      dpeg_arrival_rooms_with_view, corexii_item_surrounded_by_moat
D:2:      nicolae_overflow_crystal_walls
D:3:      grunt_qazlal_sundering, lemuel_doored_altar, first_bread
D:4:      marbit_many_paths, zin_scriptorium,
          gammafunk_pakellas_spire_experiment
D:5:      minmay_temple_entry_statues_fountains, dk_yredelemnul_ordeal,
          uniq_menkaure, uniq_duvessa
D:6:      lemuel_round_altar, uniq_sigmund
D:7:      xom_redecorated
Temple:   triangle_lava_temple_11

Vanquished Creatures
  A fire dragon Sigmund
  2 hippogriffs Menkaure
  2 orc warriors
  An ice beast
  3 ogres
  2 centaurs
  4 giant frogs
  A scorpion Dowan
  3 wights
  3 crimson imps
  A giant frog zombie
  A centaur zombie
  A jelly
  A hound
  2 giant frog skeletons
  4 orc priests
  7 orc wizards
  An iguana
  2 worker ants
  12 adders
  A shadow imp
  An ooze
  2 worms
  4 dart slugs
  5 giant geckos
  33 orcs
  5 giant cockroaches
  16 goblins
  9 hobgoblins
  3 jackals
  2 quokkas
  10 bats
  6 giant newts
  2 jackal skeletons
  10 kobolds
  4 rats
  A bush
171 creatures vanquished.
